 Dungeon Crawl Stone Soup version 0.30-a0-860-g512cf1e979 (webtiles) character file.

Game seed: 11293526450189899565

2 cforsyth the Digger (level 1, 0/10 HPs)
             Began as a Deep Elf Earth Elementalist on Mar 7, 2023.
             Slain by a hobgoblin (3 damage)
             ... on level 1 of the Dungeon.
             The game lasted 00:00:12 (203 turns).

cforsyth the Digger (Deep Elf Earth Elementalist)    Turns: 203, Time: 00:00:13

Health: 0/10       AC:  2    Str:  5    XL:     1   Next: 33%
Magic:  3/6        EV: 12    Int: 19    God:
Gold:   24         SH:  0    Dex: 15    Spells: 5/6 levels left

rFire   . . .      SeeInvis .    (no weapon)
rCold   . . .      Faith    .    (no shield)
rNeg    . . .      Spirit   .    a - +0 robe
rPois   .          Reflect  .    (no helmet)
rElec   .          Rampage  .    (no cloak)
rCorr   .                        (no gloves)
Will    .....                    (no boots)
Stlth   ++                       (no amulet)
HPRegen 0.21/turn                (no ring)
MPRegen 0.10/turn                (no ring)

@: no status effects
A: no striking features
a: no special abilities


You were on level 1 of the Dungeon.
You visited 1 branch of the dungeon, and saw 1 of its levels.

You collected 24 gold pieces.

Inventory:

Armour
 a - a +0 robe (worn)
Scrolls
 c - a scroll of poison {unknown}
Potions
 b - a potion of magic
 d - a potion of brilliance {unknown}


   Skills:
 - Level 2.4 Dodging
 - Level 2.4 Stealth
 + Level 3.1 Spellcasting
 - Level 1.1 Transmutations
 + Level 3.4 Earth Magic


You had 5 spell levels left.
You knew the following spells:

 Your Spells              Type           Power      Damage    Failure   Level
a - Sandblast             Erth           30%        2d9       3%          1

Your spell library contained the following spells:

 Spells                   Type           Power      Damage    Failure   Level
 Passwall                 Tmut/Erth      9%         N/A       9%          2
 Stone Arrow              Conj/Erth      18%        3d8       22%         3
 Petrify                  Tmut/Erth      11%        N/A       52%         4


Dungeon Overview and Level Annotations

Branches:
Dungeon (1/15)

Altars:


Message History

You now have 24 gold pieces (gained 8).
A hobgoblin comes into view.
The hobgoblin shouts!
A hobgoblin is nearby!
A hobgoblin is nearby!
A hobgoblin is nearby!
You can't see any susceptible monsters within range! (Use Z to cast anyway.)
You can't see any susceptible monsters within range! (Use Z to cast anyway.)
A hobgoblin is nearby!
A hobgoblin is nearby!
A hobgoblin is nearby!
You can't see any susceptible monsters within range! (Use Z to cast anyway.)
You can't see any susceptible monsters within range! (Use Z to cast anyway.)
You can't see any susceptible monsters within range! (Use Z to cast anyway.)
A hobgoblin is nearby!
A hobgoblin is nearby!
You miscast Sandblast.
You are very lightly contaminated with residual magic.
Nothing appears to happen.
The blast of sand hits the hobgoblin.
The hobgoblin is lightly wounded.
The hobgoblin closely misses you.
The blast of sand hits the hobgoblin.
The hobgoblin is lightly wounded.
The hobgoblin hits you.
A hobgoblin is nearby!
A hobgoblin is nearby!
A hobgoblin is nearby!
The blast of sand misses the hobgoblin.
The hobgoblin barely misses you. The hobgoblin hits you.
You are too injured to fight recklessly!
A hobgoblin is nearby!
A hobgoblin is nearby!
You are too injured to fight recklessly!
You are too injured to fight recklessly!
Your magical contamination has completely faded away.
The hobgoblin attacks as you move away! The hobgoblin hits you.
* * * LOW HITPOINT WARNING * * *
The hobgoblin attacks as you move away! The hobgoblin hits you.
You die...

#.# #.# #.# #.
#.#####.#.#
#.......#..
#.#####.#.########
#.# #.#....... #g#
#...###### #@#
#.#.# #. #.# #...#
###. #.#.#####...#
#...
#####.#.......###
#...
#.....#.#####...#
#.). ##.##.#
..#.#.# #...
#.#..#
#.#.#.###...
#.##.#
#.#.#...+...
#....#
#.#.#####...


You could see a hobgoblin.

Vanquished Creatures
  A giant cockroach (D:1)
  A kobold (D:1)
2 creatures vanquished.

Notes
Turn   | Place    | Note
-------+----------+-------------------------------------------
     0 | D:1      | cforsyth the Deep Elf Earth Elementalist began the quest
                  | for the Orb.
     0 | D:1      | Reached XP level 1. HP: 10/10 MP: 6/6
   203 | D:1      | Slain by a hobgoblin

Illustrated notes

Levels and vault maps discovered:
D:1:      zelgadis_glass_arrival_small, layout_basic, serial_shops, shop,
          roderic_lattice_a, nicolae_eternal_life

Action                     || total
---------------------------++-------
   Cast: Sandblast         ||     8
  Dodge: Dodged            ||     5

Table legend: (Time is in decaauts)
 A = Elapsed time spent in this place.
 B = Non-inter-level travel time spent in this place.
 C = Inter-level travel time spent in this place.
 D = Time resting spent in this place.
 E = Time spent auto-exploring this place.
 F = Levels seen in this place.
 G = Mean time per level.
                   A        B        C        D        E       F      G
               +--------+--------+--------+--------+--------+-----+--------+
         Total |    207 |    207 |      0 |      0 |    178 |   1 |  207.0 |
       Dungeon |    207 |    207 |      0 |      0 |    178 |   1 |  207.0 |
               +--------+--------+--------+--------+--------+-----+--------+

Top non-repeatable levels by time:
     D:1: 207 daAuts
